 Dungeon Crawl Stone Soup version 0.18.1-8-gdd0e5ea (webtiles) character file.

50 mindo the Magician (level 3, 0/21 HPs)
             Began as a High Elf Wizard on June 9, 2016.
             Succumbed to a worker ant's poison
             ... on level 2 of the Dungeon.
             The game lasted 00:14:38 (2137 turns).

mindo the Magician (High Elf Wizard)                Turns: 2137, Time: 00:14:39

Health: 0/21       AC:  2    Str:  6    XL:     3   Next: 55%
Magic:  10/10      EV: 13    Int: 22    God:
Gold:   111        SH:  0    Dex: 14    Spells: 3 memorised, 6 levels left

rFire  . . .     SeeInvis .     h - +3 short sword
rCold  . . .     Gourm    .     a - +0 robe
rNeg   . . .     Faith    .     (no shield)
rPois  .         Spirit   .     b - +0 hat
rElec  .         Dismiss  .     (no cloak)
rCorr  .         Reflect  .     (no gloves)
SustAt .         Harm     .     (no boots)
MR     .....                    (no amulet)
Stlth  ++........               (no ring)
                                (no ring)

@: lethally poisoned (0 -> -14), not resistant to hostile enchantments,
unstealthy
A: no striking features
a: no special abilities


You were on level 2 of the Dungeon.
You were not hungry.

You visited 1 branch of the dungeon, and saw 4 of its levels.

You collected 111 gold pieces.

Inventory:

Hand Weapons
 h - a +3 short sword (weapon)
Armour
 a - a +0 robe (worn)
 b - a +0 hat (worn)
 k - a +0 robe
Jewellery
 j - an uncursed ring of protection from cold {unknown}
Scrolls
 e - 3 scrolls of identify {unknown}
 f - 2 scrolls of remove curse {unknown}
 g - 2 scrolls of fear {unknown}
Potions
 l - a potion of curing
Books
 c - a book of Minor Magic

   Spells                             Type                      Level
   a - Magic Dart                     Conjuration                  1
   b - Blink                          Translocation                2
   c - Call Imp                       Summoning                    2
   d - Repel Missiles                 Charms/Air                   2
   e - Slow                           Hexes                        2
   f - Conjure Flame                  Conjuration/Fire             3
   g - Mephitic Cloud                 Conjuration/Poison/Air       3
Comestibles
 d - a bread ration


   Skills:
 + Level 2.6 Dodging
 + Level 2.3 Stealth
 + Level 4.5 Spellcasting
 + Level 2.0 Conjurations
 + Level 0.4 Hexes
   Level 0.8 Summonings
 + Level 1.1 Translocations


You had 6 spell levels left.
You knew the following spells:

 Your Spells              Type           Power        Failure   Level  Hunger
a - Magic Dart            Conj           ##..         6%          1    None
b - Blink                 Tloc           N/A          12%         2    #......
c - Slow                  Hex            #.......     14%         2    #......


Dungeon Overview and Level Annotations

Branches:
Dungeon (4/15)
 Temple: D:4-7

Altars:


Message History

You are more poisoned.
The worker ant poisons you!
You miss the worker ant.
The worker ant is lightly wounded.
You feel less invigorated.
You feel less confused.
You feel sick. The worker ant bites you.
You puncture the worker ant!
The worker ant is severely wounded.
You feel sick. The worker ant bites you.
You are lethally poisoned!
The worker ant poisons you!
You hit the worker ant.
The worker ant is severely wounded.
You feel sick. The worker ant bites you!
* * * LOW HITPOINT WARNING * * *
The worker ant closely misses you.
You hit the worker ant but do no damage.
The worker ant is severely wounded.
You die...

#.........## #.#
#..........##########.###.#
#...#.###.................#
#####...#.# ##.##########.#####
#.......#.. ...####<...)..#####
#.##..###########......†......###
#................................
#.....##..#######.###########.###
##.............a@.# #.# #
#...#.#>.......### .....
#...<....##...## ##.###
#.......###.### ..# #.#...### #.#
### #....... #.# #.....#.# #.#
#...........# ##....#.#####


You could see a worker ant.

Vanquished Creatures
  An adder (D:2)
  An ooze (D:2)
  A dart slug (D:1)
  3 giant geckos
  An orc (D:3)
  3 goblins (D:1)
  7 hobgoblins
  6 kobolds (D:1)
  2 bats (D:1)
  2 giant newts
  4 rats
31 creatures vanquished.

Notes
Turn   | Place    | Note
--------------------------------------------------------------
     0 | D:1      | mindo the High Elf Wizard began the quest for the Orb.
     0 | D:1      | Reached XP level 1. HP: 11/11 MP: 6/6
   404 | D:1      | Reached skill level 4 in Spellcasting
   421 | D:1      | Reached XP level 2. HP: 2/17 MP: 0/8
  1112 | D:1      | Learned a level 2 spell: Blink
  1115 | D:1      | Learned a level 2 spell: Slow
  1665 | D:2      | Reached XP level 3. HP: 21/21 MP: 5/9
  2137 | D:2      | Succumbed to a worker ant's poison

Skill      XL: |  1  2  3 |
---------------+----------+-----
Spellcasting   | 4 |  4.5
Conjurations   | 2 |  2.0
Dodging        | |  2.6
Stealth        | |  2.3
Hexes          | |  0.4
Summonings     | |  0.8
Translocations | |  1.1

Action                   || total
-------------------------++-------
Melee: Unarmed           ||    13
       Short sword       ||    25
 Cast: Magic Dart        ||    83
       Slow              ||     5
       Blink             ||     2
  Use: Potion            ||     3
  Eat: Meat ration       ||     1
Armor: Robe              ||    11
Dodge: Dodged            ||    67
